[Event "*** SCC Grand Prix: Titled Tuesday Blitz"]
[Site "Chess.com"]
[Date "2020.09.08"]
[Round "7"]
[White "Chessdreamer2020"]
[Black "DrMamaliga"]
[Result "1-0"]
[WhiteElo "2383"]
[BlackElo "2202"]
[TimeControl "180+1"]
[EndTime "11:18:14 PDT"]
[Termination "Chessdreamer2020 won by resignation"]

1. e4 e5 2. Nf3 Nc6 3. d3 Nf6 4. Nbd2 g6 5. Be2 Bg7 6. O-O O-O 7. c3 d5 8. b4 a6 9. Re1 d4 10. Bb2 dxc3 11. Bxc3 Be6 12. Nxe5 Nxe5 13. Bxe5 Qd7 14. Nf3 Rad8 15. Qc2 c6 16. a3 h5 17. Qb2 Ne8 18. Bxg7 Nxg7 19. Ne5 Qc7 20. Rac1 h4 21. Bg4 Bxg4 22.
Nxg4 Rxd3 23. Qf6 Qd8 24. Qf4 Ne6 25. Qh6 Qg5 26. Qxg5 Nxg5 27. f4 Ne6 28. f5 Ng5 29. Rc5 Nh7 30. a4 Re8 31. fxg6 fxg6 32. e5 Rd4 33. h3 Rxb4 34. a5 Rb5 35. Rc4 Rxa5 36. Rf1 Rf8 37. Rd1 Rd5 38. Rb1 Rf7 39. Nh6+ Kg7 40.
Nxf7 Kxf7 41. Rxb7+ Kg8 42. Rxc6 Rxe5 43. Rxg6+ Kh8 44. Rb8+ 1-0

[Event "*** SCC Grand Prix: Titled Tuesday Blitz"]
[Site "Chess.com"]
[Date "2020.09.08"]
[Round "7"]
[White "Thereisnof0rk"]
[Black "ARMQUEEN"]
[Result "0-1"]
[WhiteElo "2251"]
[BlackElo "2458"]
[TimeControl "180+1"]
[EndTime "11:18:15 PDT"]
[Termination "ARMQUEEN won on time"]

1. d4 d5 2. c4 dxc4 3. Nf3 Nf6 4. e3 e6 5. Bxc4 a6 6. O-O c5 7. dxc5 Qxd1 8. Rxd1 Bxc5 9. Be2 Ke7 10. Ne5 Nbd7 11.
Nd3 Bd6 12. Nd2 b5 13. a4 Bb7 14. f3 Rhc8 15. axb5 axb5 16. Rxa8 Bxa8 17. Nb3 Rc2 18. Rd2 Rc8 19. e4 Ne5 20. Nxe5 Bxe5 21. Rd1 b4 22. Bb5 Bc6 23. Bxc6 Rxc6 24. g3 Rc2 25. Rd2 Rxd2 26. Bxd2 Bxb2 27. Bxb4+ Kd7 28. Kf2 Kc6 29.
Ke3 Kb5 30. Bf8 Nd7 31. Be7 Kc4 32. Na5+ Kc3 33. Nc6 Bc1+ 34. Ke2 Nb6 35. Nd8 f6 36. Nxe6 Nc8 37. Bf8 g6 38. Bg7 Kc2 39. Bxf6 Nd6 40. e5 Nb5 41. Nf4 Nc3+ 0-1

[Event "*** SCC Grand Prix: Titled Tuesday Blitz"]
[Site "Chess.com"]
[Date "2020.09.08"]
[Round "7"]
[White "JesseKraai"]
[Black "AniJak"]
[Result "1-0"]
[WhiteElo "2515"]
[BlackElo "2357"]
[TimeControl "180+1"]
[EndTime "11:18:16 PDT"]
[Termination "JesseKraai won by resignation"]

1. Nf3 d5 2. c4 c6 3. e3 Nf6 4.
Nc3 e6 5. b3 Bd6 6. Bb2 O-O 7.
Qc2 Nbd7 8. g4 e5 9. g5 Ne4 10.
Nxe4 dxe4 11. Qxe4 Nc5 12. Qc2 e4 13. Nd4 Qxg5 14. b4 Nd3+ 15. Bxd3 exd3 16. Qxd3 Bxb4 17. O-O-O Qa5 18. Rhg1 g6 19. h4 Qxa2 20. h5 b5 21. hxg6 fxg6 22. Rxg6+ Kf7 23. Nxc6 Qxc4+ 24. Qxc4+ bxc4 25.
Rh6 Bf5 26. Nxb4 Bg6 27. Rh4 a5 28. Rf4+ Ke6 29. Nc6 Rxf4 30. exf4 Rc8 31. Re1+ Kf5 32. Ne7+ Kxf4 33. Nxc8 1-0

[Event "*** SCC Grand Prix: Titled Tuesday Blitz"]
[Site "Chess.com"]
[Date "2020.09.08"]
[Round "7"]
[White "maxip32"]
[Black "Schandenfreude"]
[Result "1/2-1/2"]
[WhiteElo "2386"]
[BlackElo "2517"]
[TimeControl "180+1"]
[EndTime "11:18:17 PDT"]
[Termination "Game drawn by repetition"]

1. e4 c5 2. Nf3 d6 3. d4 cxd4 4. Nxd4 Nf6 5. Nc3 a6 6. Be2 e5 7.
Nb3 Be6 8. f4 Qc7 9. O-O Be7 10.
a4 Nbd7 11. f5 Bc4 12. Bxc4 Qxc4 13. Qd3 Rc8 14. Na5 Qxd3 15. cxd3 Nc5 16. Rf3 O-O 17. Bg5 b6 18. Nc4 Nb3 19. Rd1 Nd4 20. Rf2 Rc6 21. Bxf6 Bxf6 22. Nd5 b5 23. axb5 axb5 24. Nxf6+ gxf6 25. Ne3 Ra8 26. Nd5 Kg7 27. g4 h6 28.
h4 Rc2 29. Rxc2 Nxc2 30. Rd2 Ra1+ 31. Kf2 Nd4 32. Kg2 Rb1 33. Nc3 Rc1 34. Nd5 Rb1 35. Ne7 Rc1 36. Nd5 Rb1 1/2-1/2

[Event "*** SCC Grand Prix: Titled Tuesday Blitz"]
[Site "Chess.com"]
[Date "2020.09.08"]
[Round "7"]
[White "VladimirBugayev"]
[Black "geordie_derraugh"]
[Result "0-1"]
[WhiteElo "2269"]
[BlackElo "2393"]
[TimeControl "180+1"]
[EndTime "11:18:18 PDT"]
[Termination "geordie_derraugh won by resignation"]

1. e4 c5 2. a3 Nc6 3. b4 cxb4 4. axb4 Nxb4 5. d4 g6 6. c3 Nc6 7. d5 Nb8 8. Qd4 f6 9. Rxa7 Rxa7 10. Qxa7 Qc7 11. Bb5 Bg7 12. Ne2 Nh6 13. Bf4 e5 14. dxe6 Nc6 15. Qe3 Ne5 16. Bxh6 Ng4 17. Qf4 Qb6 18.
Bxg7 Qxb5 19. O-O Rg8 20. Bxf6 Qxe2 21. e7 Nxf6 22. Qxf6 Qxe4 23. Nd2 Qxe7 24. Qd4 Rf8 25. Nc4 Kf7 26. Nd6+ Kg8 27. Qd2 b5 28. Re1 Qg5 29.
Nxc8 Qxd2 0-1

[Event "*** SCC Grand Prix: Titled Tuesday Blitz"]
[Site "Chess.com"]
[Date "2020.09.08"]
[Round "7"]
[White "PattyCastillo"]
[Black "IngOscarArdila"]
[Result "1/2-1/2"]
[WhiteElo "1918"]
[BlackElo "2161"]
[TimeControl "180+1"]
[EndTime "11:18:18 PDT"]
[Termination "Game drawn by repetition"]

1. d4 Nf6 2. Nf3 g6 3. Nc3 d5 4. e3 Bg7 5. Be2 O-O 6. b3 c6 7.
Bb2 Nbd7 8. O-O Re8 9. Ne5 Nxe5 10. dxe5 Nd7 11. f4 e6 12. e4 Qb6+ 13. Kh1 Nc5 14.
exd5 exd5 15. Qd2 Bf5 16. Ba3 Ne4 17. Nxe4 Bxe4 18. Bf3 Bxf3 19. Rxf3 f6 20. Bb2 fxe5 21. fxe5 Rf8 22. Raf1 Qc7 23. Qg5 Rxf3 24. Rxf3 Rf8 25. Rxf8+ Kxf8 26. h4 Qe7 27. Qf4+ Qf7 28. Qb4+ Qe7 29.
Qa5 Qxh4+ 30. Kg1 b6 31. Qxa7 Qe1+ 32. Kh2 Bxe5+ 33. Bxe5 Qxe5+ 34. Kg1 Qe1+ 35. Kh2 Qe5+ 36. Kg1 Qd4+ 37. Kh2 Qc5 38. Qb8+ Kg7 39. Qc7+ Kh6 40. Qf4+ Kg7 41. Qe5+ Kg8 42. Qe8+ Kg7 43. Qe5+ Kf7 44. Qc7+ Kg8 45. Qc8+ Kg7 46. Qd7+ Kh6 47. Qh3+ Kg7 48. Qd7+ Kh6 49. Qh3+ Kg7 50. Qd7+ 1/2-1/2

[Event "*** SCC Grand Prix: Titled Tuesday Blitz"]
[Site "Chess.com"]
[Date "2020.09.08"]
[Round "7"]
[White "AnishOnYoutube"]
[Black "AlexOstrovskiy"]
[Result "1-0"]
[WhiteElo "2942"]
[BlackElo "2735"]
[TimeControl "180+1"]
[EndTime "11:18:19 PDT"]
[Termination "AnishOnYoutube won by resignation"]

1. e4 e6 2. d4 d5 3. Nc3 Bb4 4. e5 Ne7 5. a3 Bxc3+ 6. bxc3 b6 7. Qg4 Ng6 8. h4 h5 9. Qg3 Ba6 10. Bxa6 Nxa6 11. Bg5 Qd7 12. Ne2 c5 13. O-O Nb8 14. f4 Nc6 15. f5 exf5 16. Nf4 Nxf4 17. Rxf4 g6 18. Bf6 Rg8 19. Raf1 Ne7 20. Qg5 Rf8 21. dxc5 bxc5 22. Rb1 Nc6 23. Rf2 Nd8 24. Bxd8 Rxd8 25. e6 fxe6 26. Qxg6+ Qf7 27. Qh6 Rg8 28. Re1 Kd7 29. Rfe2 Rg6 30. Qe3 Kc6 31. c4 Rdg8 32.
Qf3 Kd6 33. cxd5 exd5 34. c4 d4 35. Qf4+ Kd7 36. Kh1 Rb6 37. Re5 Rgg6 38. Rxc5 Rbd6 39. Rb1 Ke7 40. Rc7+ Kf8 41. Rxf7+ 1-0

[Event "*** SCC Grand Prix: Titled Tuesday Blitz"]
[Site "Chess.com"]
[Date "2020.09.08"]
[Round "7"]
[White "Artem_Sadovsky"]
[Black "mapleaff"]
[Result "1-0"]
[WhiteElo "2528"]
[BlackElo "2376"]
[TimeControl "180+1"]
[EndTime "11:18:19 PDT"]
[Termination "Artem_Sadovsky won on time"]

1. Nf3 Nf6 2. g3 e6 3. Bg2 d5 4. c4 Be7 5. b3 a5 6. O-O a4 7.
Bb2 axb3 8. axb3 Rxa1 9. Bxa1 O-O 10. d3 c5 11. Nbd2 Nc6 12. Ne5 Nxe5 13. Bxe5 d4 14. Bxf6 Bxf6 15. Qa1 Qb6 16. Qa8 Bg5 17. Ne4 Be7 18. Qa4 f5 19. Nd2 Qc7 20. Ra1 Kh8 21.
Qa5 Qe5 22. Nf3 Qxe2 23. Qc7 Re8 24. Re1 Qxd3 25. Ne5 Qc3 26. Rd1 Qxb3 27. Ra1 d3 28. Ra8 d2 29. Rxc8 d1=Q+ 30. Bf1 Qh5 31. Qd7 Rg8 32. Qxe6 Rf8 33. Rxf8+ Bxf8 34. Nf7+ Qxf7 35.
Qxf7 1-0

[Event "*** SCC Grand Prix: Titled Tuesday Blitz"]
[Site "Chess.com"]
[Date "2020.09.08"]
[Round "7"]
[White "NMZanette"]
[Black "akanga001"]
[Result "1-0"]
[WhiteElo "2184"]
[BlackElo "1880"]
[TimeControl "180+1"]
[EndTime "11:18:19 PDT"]
[Termination "NMZanette won by checkmate"]

1. e4 c6 2. Nc3 d5 3. Nf3 dxe4 4.
Nxe4 Nf6 5. Qe2 Bf5 6. Nxf6+ gxf6 7. d4 Bg4 8. c3 e6 9. h3 Bh5 10. g4 Bg6 11. Nh4 f5 12. Nxg6 hxg6 13. gxf5 gxf5 14.
Qe5 Rh7 15. Bf4 Nd7 16. Qe3 Nf6 17. O-O-O Nd5 18. Qg3 Nxf4 19. Kb1 Ng6 20. Bd3 Bd6 21.
Qg1 Qh4 22. c4 O-O-O 23. f3 Nf4 24. Bc2 Nxh3 25. Qe3 Bf4 26. Qa3 Kb8 27. d5 cxd5 28. cxd5 Bd6 29. Qa5 Bc7 30. Qb5 Qg3 31. dxe6 fxe6 32.
Rxd8+ Bxd8 33. Qe8 Qc7 34. Rd1 Kc8 35. Qxe6+ Kb8 36.
Qe8 b6 37. Rxd8+ Kb7 38. Bxf5 Re7 39. Be4+ Ka6 40. Qa4# 1-0

[Event "*** SCC Grand Prix: Titled Tuesday Blitz"]
[Site "Chess.com"]
[Date "2020.09.08"]
[Round "7"]
[White "Butterfly"]
[Black "frederiksvane"]
[Result "0-1"]
[WhiteElo "2488"]
[BlackElo "2677"]
[TimeControl "180+1"]
[EndTime "11:18:21 PDT"]
[Termination "frederiksvane won by resignation"]

1. d4 Nf6 2. Nf3 b6 3. g3 e6 4.
Bg2 Bb7 5. O-O Be7 6. c4 O-O 7. Nc3 Ne4 8. Qc2 Nxc3 9. Qxc3 d6 10. b4 Nd7 11. Bb2 Bf6 12. Qc2 Qe7 13. e4 e5 14. d5 g6 15. Ne1 Bg7 16. Bh3 Bc8 17. Nd3 Nf6 18. Bxc8 Raxc8 19. Qe2 c5 20. bxc5 bxc5 21. Bc3 Nd7 22. Rab1 Nb6 23. Ne1 Qb7 24.
Nc2 Qa6 25. Ne3 Bh6 26. f4 f6 27. Rb5 Rce8 28. Ra5 Qb7 29. Qd3 Qe7 30. Ng4 Bg7 31.
f5 h5 32. fxg6 hxg4 33. Qe2 f5 34. exf5 Qg5 35. Bd2 Qh5 36. Qe4 Re7 37. Rb5 Nd7 38.
Rb3 Nf6 39. Qg2 Bh6 40. Bxh6 Qxh6 41. Rd3 e4 0-1

[Event "*** SCC Grand Prix: Titled Tuesday Blitz"]
[Site "Chess.com"]
[Date "2020.09.08"]
[Round "7"]
[White "kasparicy"]
[Black "jucAxx"]
[Result "1-0"]
[WhiteElo "2321"]
[BlackElo "2063"]
[TimeControl "180+1"]
[EndTime "11:18:21 PDT"]
[Termination "kasparicy won by resignation"]

1. e4 e6 2. d4 d5 3. Nd2 c5 4. Ngf3 Nc6 5. exd5 exd5 6. dxc5 Bxc5 7. Bd3 Qe7+ 8. Be2 Nf6 9. O-O O-O 10. Re1 Bxf2+ 11.
Kxf2 Ng4+ 12. Kf1 Ne3+ 13. Kg1 Nxd1 14. Bxd1 Qc5+ 15. Kh1 Bg4 16. Nb3 Qf2 17. Be3 Qxe1+ 18. Nxe1 Bxd1 19. Rxd1 Rfe8 20. Bg1 Re2 21. Nc1 Re5 22. Nf3 Rf5 23. Ne2 Re8 24. Ng3 Rf6 25. Rxd5 h6 26. Rd7 b6 27. Bf2 Rd8 28. Rxd8+ Nxd8 29.
Kg1 Nc6 30. Kf1 Rd6 31. Ke2 Nb4 32. c3 Nxa2 33. Be3 a5 34. Nd4 g5 35. Ne4 Rg6 36. Kd3 a4 37. Kc2 f5 38. Nxf5 Re6 39.
Nfg3 h5 40. Bxg5 h4 41. Bxh4 b5 42. Bg5 b4 43. cxb4 Nxb4+ 44. Kc3 Nd5+ 45. Kd4 Nb4 46. Bd2 Nc2+ 47. Kc3 Na1 48. Kb4 Nb3 49. Kxa4 Nxd2 50. Nxd2 1-0

[Event "*** SCC Grand Prix: Titled Tuesday Blitz"]
[Site "Chess.com"]
[Date "2020.09.08"]
[Round "7"]
[White "kingnb"]
[Black "Jospem"]
[Result "1/2-1/2"]
[WhiteElo "2619"]
[BlackElo "2907"]
[TimeControl "180+1"]
[EndTime "11:18:22 PDT"]
[Termination "Game drawn - insufficient material"]

1. d4 Nf6 2. Nf3 e6 3. Nbd2 d5 4. e3 b6 5. Bd3 Bb7 6. Qe2 Nbd7 7. e4 dxe4 8. Nxe4 Be7 9. O-O O-O 10. c3 c5 11.
dxc5 Nxe4 12. Bxe4 Bxe4 13. Qxe4 Nxc5 14. Qe2 Qd3 15.
Re1 Rfd8 16. Be3 Qxe2 17. Rxe2 Rac8 18. Kf1 Na4 19. Ke1 f6 20. Rd1 Kf7 21. Rxd8 Rxd8 22. Nd4 Nc5 23. Rd2 Ne4 24. Rd1 Bc5 25. Nc6 Rxd1+ 26.
Kxd1 Nxf2+ 27. Bxf2 Bxf2 28. Nxa7 g5 29. a4 g4 30. b4 f5 31. Nb5 Ke7 32. a5 bxa5 33. bxa5 Kd7 34. a6 Kc6 35. a7 Kb7 36. Nc7 Bxa7 37.
Nxe6 Kc6 38. Ng7 f4 39. Nh5 f3 40. gxf3 gxf3 41. Nf6 h6 42. Ng4 Kd5 43. Nxh6 Kc4 44. Kd2 Bb8 45. Ng4 Bf4+ 46. Ke1 Kxc3 47. Kf2 Bxh2 48. Nxh2 Kb3 49. Kxf3 1/2-1/2

[Event "*** SCC Grand Prix: Titled Tuesday Blitz"]
[Site "Chess.com"]
[Date "2020.09.08"]
[Round "7"]
[White "Rodalquilar"]
[Black "IvanSoriano1"]
[Result "1-0"]
[WhiteElo "2661"]
[BlackElo "2465"]
[TimeControl "180+1"]
[EndTime "11:18:23 PDT"]
[Termination "Rodalquilar won by resignation"]

1. d4 d5 2. Bf4 e6 3. e3 Nf6 4.
Nf3 Bd6 5. Bg3 O-O 6. c4 c6 7. Nc3 Qe7 8. Qc2 Nbd7 9. cxd5 exd5 10. Bd3 Re8 11. Bh4 Nf8 12. O-O-O Bg4 13. Rde1 b5 14. e4 Bxf3 15. gxf3 Bf4+ 16. Kb1 Ng6 17. Bg3 Nh5 18. e5 b4 19. Ne2 Bh6 20. Rhg1 Rac8 21. Bf5 Rc7 22. Bg4 Nxg3 23. hxg3 c5 24. f4 cxd4 25. Qd3 b3 26. axb3 Rb8 27. Nxd4 Qb4 28. Rc1 Rxc1+ 29. Rxc1 Nxe5 30. Qf5 Qxd4 31. Rc8+ 1-0

[Event "*** SCC Grand Prix: Titled Tuesday Blitz"]
[Site "Chess.com"]
[Date "2020.09.08"]
[Round "7"]
[White "KonstantinB_1983"]
[Black "Jumbo"]
[Result "0-1"]
[WhiteElo "2522"]
[BlackElo "2752"]
[TimeControl "180+1"]
[EndTime "11:18:25 PDT"]
[Termination "Jumbo won by resignation"]

1. d4 g6 2. e4 Bg7 3. Nc3 d6 4. Be3 c6 5. Qd2 b5 6. a3 Nd7 7. Nf3 a6 8. Be2 Bb7 9. O-O c5 10. b4 cxd4 11. Bxd4 Ngf6 12. Bd3 O-O 13. h3 Qc7 14. Rac1 Rfc8 15. Ne2 e5 16. Ba1 Nxe4 17. Qe3 Nef6 18. c4 bxc4 19. Bxc4 Qd8 20. Rfd1 d5 21. Bb3 d4 22. Qd2 Bd5 23. Bxd5 Nxd5 24. Ng3 Rxc1 25. Rxc1 Rc8 26. Ne4 Rxc1+ 27. Qxc1 Qc7 28. Qd1 Qc6 29. Nfd2 f5 30. Ng3 e4 31. Ndxe4 fxe4 32. Bxd4 Bxd4 33.
Qxd4 N5f6 34. a4 Qxa4 35. Nxe4 Nxe4 36. Qxe4 Qa1+ 37. Kh2 Qe5+ 38. Qxe5 Nxe5 39. Kg3 Nc6 40.
Kf4 Nxb4 41. Ke4 Kf7 42. Kd4 Ke6 43. Kc4 Nc2 44. Kc5 Ne1 45. g3 Nd3+ 0-1

[Event "*** SCC Grand Prix: Titled Tuesday Blitz"]
[Site "Chess.com"]
[Date "2020.09.08"]
[Round "7"]
[White "Iskusnyh"]
[Black "tteshan"]
[Result "1-0"]
[WhiteElo "2585"]
[BlackElo "2404"]
[TimeControl "180+1"]
[EndTime "11:18:25 PDT"]
[Termination "Iskusnyh won by checkmate"]

1. d4 Nf6 2. c4 e6 3. g3 c5 4. Nf3 Be7 5. Bg2 O-O 6. O-O a6 7. Nc3 cxd4 8. Nxd4 Qc7 9. b3 d5 10. Bb2 dxc4 11. Rc1 Bd7 12. Ne4 Nc6 13. Nxc6 Bxc6 14.
Rxc4 Qa5 15. Nxf6+ Bxf6 16. Bxf6 gxf6 17. Bxc6 bxc6 18.
Qd4 f5 19. a4 Rfd8 20. Qf6 Rab8 21. Qg5+ Kh8 22. Qf6+ Kg8 23. Rh4 Rxb3 24. Qg5+ Kh8 25.
Rg4 fxg4 26. Qxa5 Rd5 27. Qxa6 Ra3 28. Qxc6 Rd4 29. Rb1 Raxa4 30. Rb8+ Kg7 31. Qc5 Rd1+ 32. Kg2 Raa1 33. Qg5# 1-0

[Event "*** SCC Grand Prix: Titled Tuesday Blitz"]
[Site "Chess.com"]
[Date "2020.09.08"]
[Round "7"]
[White "AlexandraBotez"]
[Black "MF1966Idrisov"]
[Result "0-1"]
[WhiteElo "2233"]
[BlackElo "2401"]
[TimeControl "180+1"]
[EndTime "11:18:25 PDT"]
[Termination "MF1966Idrisov won on time"]

1. Nf3 c6 2. d3 d5 3. g3 g6 4. Bg2 Bg7 5. O-O Nf6 6. Nbd2 O-O 7. e4 Bg4 8. h3 Be6 9. e5 Nfd7 10. d4 c5 11. c3 Nc6 12. Nb3 c4 13. Nbd2 f6 14.
exf6 exf6 15. Re1 Bf7 16. Nf1 b5 17. Bf4 Nb6 18. Qd2 Qd7 19. g4 a5 20. Bh6 b4 21. Bxg7 Kxg7 22. Ng3 Rfe8 23. Rxe8 Rxe8 24. Re1 Rb8 25. g5 f5 26. Qf4 Re8 27. Ne5 Nxe5 28. Rxe5 bxc3 29. bxc3 Na4 30. Ne2 Rd8 31. Qe3 Qd6 32. Nf4 Nb6 33. Ne6+ Kg8 34. Nxd8 Qxd8 35. Re7 Qd6 36. f4 Na4 37. Rb7 Nxc3 38. Qxc3 Qxf4 39.
Qe1 Qxd4+ 40. Kh1 Qf4 41. h4 c3 42. Bxd5 Bxd5+ 0-1

[Event "*** SCC Grand Prix: Titled Tuesday Blitz"]
[Site "Chess.com"]
[Date "2020.09.08"]
[Round "7"]
[White "Meri-Arabidze"]
[Black "Rud_Makarian"]
[Result "0-1"]
[WhiteElo "2565"]
[BlackElo "2758"]
[TimeControl "180+1"]
[EndTime "11:18:26 PDT"]
[Termination "Rud_Makarian won by resignation"]

1. d4 g6 2. c4 Bg7 3. g3 d6 4. Bg2 Nd7 5. Nc3 e5 6. Nf3 Ne7 7. O-O O-O 8. h3 Re8 9. Re1 exd4 10.
Nxd4 Nc5 11. e3 a5 12. b3 Nf5 13. Nde2 a4 14. Rb1 axb3 15. axb3 h5 16. Bb2 c6 17. b4 Ne6 18. Ne4 Bxb2 19. Rxb2 Ng5 20. Nxg5 Qxg5 21. e4 Ng7 22. Qxd6 h4 23. Qf4 Ne6 24.
Qxh4 Qxh4 25. gxh4 Rd8 26. f4 Ra3 27. Kf2 Kg7 28.
f5 Nf8 29. b5 Nd7 30. bxc6 bxc6 31. fxg6 fxg6 32. Rd1 Rf8+ 33. Kg1 Ne5 34. c5 Bxh3 35. Rb7+ Kh6 36. Rd6 Bxg2 37. Kxg2 Ra2 38. Re6 Rxe2+ 39. Kg1 Nf3+ 40. Kf1 Nd4+ 0-1

[Event "*** SCC Grand Prix: Titled Tuesday Blitz"]
[Site "Chess.com"]
[Date "2020.09.08"]
[Round "7"]
[White "chessbia"]
[Black "mamey78"]
[Result "0-1"]
[WhiteElo "2162"]
[BlackElo "2442"]
[TimeControl "180+1"]
[EndTime "11:18:27 PDT"]
[Termination "mamey78 won by resignation"]

1. d4 d5 2. c4 c6 3. Nf3 Nf6 4. Nc3 e6 5. e3 Nbd7 6. Bd3 dxc4 7. Bxc4 b5 8. Bd3 Bd6 9. O-O O-O 10. a3 Bb7 11. b4 a5 12. bxa5 Qxa5 13. Bb2 Qc7 14. h3 Rfe8 15. Rc1 Qb8 16. Qb3 e5 17. Ng5 Re7 18.
Nce4 Nxe4 19. Nxe4 Bc7 20. Rfe1 exd4 21. exd4 Qe8 22.
Kf1 c5 23. dxc5 Bxe4 24. Bxe4 Rxe4 25. c6 Nc5 26. Qxb5 Rb8 27. Qxc5 Rxb2 28. Rxe4 Qxe4 29. Re1 Qd3+ 30. Kg1 h6 31. Re8+ Kh7 32. Re1 Qc2 33. Qa7 Bb6 34. Qxf7 Bxf2+ 0-1

[Event "*** SCC Grand Prix: Titled Tuesday Blitz"]
[Site "Chess.com"]
[Date "2020.09.08"]
[Round "7"]
[White "fabianvivasz"]
[Black "MPGM"]
[Result "0-1"]
[WhiteElo "2312"]
[BlackElo "2480"]
[TimeControl "180+1"]
[EndTime "11:18:29 PDT"]
[Termination "MPGM won on time"]

1. c4 e6 2. Nf3 d5 3. g3 dxc4 4. Bg2 a6 5. a4 Nc6 6. O-O e5 7. Na3 Be6 8. Qc2 Bxa3 9. bxa3 Nge7 10. Rb1 Rb8 11. Ng5 Bd5 12. e4 Nd4 13. Qa2 Bc6 14. Qxc4 O-O 15. Bb2 h6 16. Nf3 b5 17. Qc5 Nxf3+ 18. Bxf3 Qd6 19. Qxe5 Qxe5 20. Bxe5 Rbc8 21. Rfc1 bxa4 22. d4 Bb5 23. Rxc7 Rxc7 24. Bxc7 Rc8 25. Bd6 Nc6 26. Bc5 Na5 27. Bd1 Bd3 28.
Rb4 Bxe4 29. Rxa4 Nb7 0-1

[Event "*** SCC Grand Prix: Titled Tuesday Blitz"]
[Site "Chess.com"]
[Date "2020.09.08"]
[Round "7"]
[White "tylityli"]
[Black "mortngabriel"]
[Result "1-0"]
[WhiteElo "2259"]
[BlackElo "2389"]
[TimeControl "180+1"]
[EndTime "11:18:29 PDT"]
[Termination "tylityli won on time"]

1. d4 Nf6 2. c4 e6 3. Nc3 Bb4 4. e3 O-O 5. Ne2 d5 6. cxd5 exd5 7. g3 c6 8. Bg2 Re8 9. O-O Nbd7 10. f3 c5 11. a3 cxd4 12. axb4 dxc3 13. bxc3 Ne5 14. Qd4 b6 15. Nf4 Bb7 16. Nd3 Nc4 17. Kf2 Qe7 18. Re1 Nd6 19. Bh3 Bc8 20. Bxc8 Raxc8 21. Nb2 Rxc3 22. Bd2 Rc2 23. Re2 Rec8 24. g4 h6 25. Nd3 Nfe4+ 26. fxe4 Nxe4+ 27. Kg2 Qh4 28. Nf2 R8c4 29. Qxd5 Nxf2 30. Rxf2 Qxg4+ 31. Kh1 Qg6 32. Qg2 1-0

[Event "*** SCC Grand Prix: Titled Tuesday Blitz"]
[Site "Chess.com"]
[Date "2020.09.08"]
[Round "7"]
[White "GaboSalazar2001"]
[Black "Zhani-Z"]
[Result "0-1"]
[WhiteElo "2347"]
[BlackElo "2505"]
[TimeControl "180+1"]
[EndTime "11:18:30 PDT"]
[Termination "Zhani-Z won on time"]

1. e4 c5 2. Nf3 Nf6 3. e5 Nd5 4. c3 e6 5. d4 cxd4 6. cxd4 d6 7. Bd3 Nc6 8. O-O dxe5 9. dxe5 Qc7 10. Re1 Bb4 11. Bd2 Be7 12. Nc3 Nxc3 13. Bxc3 O-O 14. Rc1 Rd8 15. Qe2 Bd7 16. Qe4 g6 17. h4 Be8 18. h5 Rac8 19. Bb1 Rd5 20. a3 Rcd8 21. Ba2 R5d7 22. Qg4 Qb6 23. hxg6 hxg6 24. Ng5 Bxg5 25. Qxg5 Ne7 26. Re3 Nf5 27. Rh3 Rd1+ 28. Rxd1 Rxd1+ 29. Kh2 Qxf2 0-1

[Event "*** SCC Grand Prix: Titled Tuesday Blitz"]
[Site "Chess.com"]
[Date "2020.09.08"]
[Round "7"]
[White "ShahMatKanal"]
[Black "Misticpikachu"]
[Result "1-0"]
[WhiteElo "2545"]
[BlackElo "2286"]
[TimeControl "180+1"]
[EndTime "11:18:33 PDT"]
[Termination "ShahMatKanal won on time"]

1. e4 c5 2. d4 cxd4 3. c3 e6 4. Nf3 d5 5. exd5 exd5 6. Nxd4 Nf6 7. Bb5+ Bd7 8. O-O Be7 9. Bf4 O-O 10. Nd2 Bxb5 11. Nxb5 Nc6 12. Nb3 a6 13. N5d4 Bd6 14. Bg5 h6 15. Bh4 Ne5 16. Nf5 Ng6 17. Bxf6 Qxf6 18.
Qxd5 Rad8 19. Qf3 Ne5 20. Qh3 Rfe8 21. Nbd4 Ng6 22. Nxd6 Rxd6 23. Rae1 Red8 24. Qe3 Rd5 25. g3 Re5 26. Qf3 Qe7 27. Rxe5 Nxe5 28. Qe4 Qc7 29.
Re1 Ng6 30. h4 b5 31. h5 Nf8 32. Nf5 Ne6 33. Qf3 Rd2 34. b3 Rc2 35. Qa8+ Kh7 36. Qe4 Rxc3 37. Ne7+ Kh8 38. Nd5 1-0

[Event "*** SCC Grand Prix: Titled Tuesday Blitz"]
[Site "Chess.com"]
[Date "2020.09.08"]
[Round "7"]
[White "ljuks68"]
[Black "ecwinslow"]
[Result "0-1"]
[WhiteElo "2398"]
[BlackElo "2299"]
[TimeControl "180+1"]
[EndTime "11:18:35 PDT"]
[Termination "ecwinslow won on time"]

1. e4 c5 2. Nf3 Nc6 3. d4 cxd4 4. Nxd4 Nf6 5. Nc3 e5 6. Ndb5 d6 7. Nd5 Nxd5 8. exd5 Ne7 9. c3 Nf5 10. a4 g6 11. Bd3 Bg7 12. O-O O-O 13. Na3 Re8 14.
Nc4 e4 15. Bc2 Qh4 16. Re1 Nh6 17. Bxh6 Bxh6 18. g3 Qh3 19. Rxe4 Rxe4 20. Bxe4 Bg4 21. Qd3 Re8 22. Nxd6 Re5 23. Bg2 Qh5 24. Ne4 Bg7 25. d6 Bd7 26. c4 f5 27. Nc3 b6 28. Nd5 Qe2 29. Qxe2 Rxe2 30. a5 Bxb2 31. Rb1 bxa5 32. c5 Kf7 33. Nf4 Rc2 34. c6 Bxc6 0-1

[Event "*** SCC Grand Prix: Titled Tuesday Blitz"]
[Site "Chess.com"]
[Date "2020.09.08"]
[Round "7"]
[White "guillembaches"]
[Black "Vsevolod_Ovchinnikov"]
[Result "0-1"]
[WhiteElo "2410"]
[BlackElo "2568"]
[TimeControl "180+1"]
[EndTime "11:18:36 PDT"]
[Termination "Vsevolod_Ovchinnikov won on time"]

1. e4 g6 2. d4 Bg7 3. Be3 d6 4.
Qd2 Nf6 5. f3 Nbd7 6. c4 c5 7. Ne2 O-O 8. Nbc3 b6 9. g4 cxd4 10.
Nxd4 Bb7 11. h4 h5 12. gxh5 Nxh5 13. O-O-O Rc8 14. Kb1 a6 15. Bh6 Ne5 16. Bxg7 Nxg7 17. h5 gxh5 18. Qh6 e6 19. Be2 Ng6 20. f4 Qf6 21. f5 exf5 22. exf5 Bxh1 23. Rxh1 Qxd4 24.
Bxh5 Nxf5 25. Qg5 Ne7 26. Bxg6 Nxg6 27. Nd5 Qe4+ 28. Kc1 Qxh1+ 29. Kd2 Qh2+ 0-1

[Event "*** SCC Grand Prix: Titled Tuesday Blitz"]
[Site "Chess.com"]
[Date "2020.09.08"]
[Round "7"]
[White "Tenamu"]
[Black "anon569"]
[Result "1-0"]
[WhiteElo "2369"]
[BlackElo "2242"]
[TimeControl "180+1"]
[EndTime "11:18:36 PDT"]
[Termination "Tenamu won on time"]

1. d4 Nf6 2. Nc3 d5 3. Bf4 g6 4. Nf3 Bg7 5. Ne5 c5 6. e3 O-O 7. h4 h5 8. dxc5 Qa5 9. Nd3 Ne4 10. Be5 Nxc3 11. Qd2 Bxe5 12. Nxe5 Qxc5 13. Qxc3 Qxc3+ 14. bxc3 Nd7 15. Nxd7 Bxd7 16. c4 dxc4 17. Bxc4 Rac8 18. Bb3 Bf5 19. O-O-O Rc7 20. Kb2 b5 21. f3 a5 22. e4 Bd7 23. c3 a4 24. Bc2 Rfc8 25.
Rd3 b4 26. Rhd1 bxc3+ 27. Ka3 Be8 28. Rd8 Kf8 29. Kb4 Rb7+ 30. Ka3 Rcc7 31. Bxa4 Ra7 32. Rxe8+ Kg7 33. Kb4 Rcb7+ 34. Bb5 Rxa2 35. Kc4 Rxg2 36. Bc6 1-0

[Event "*** SCC Grand Prix: Titled Tuesday Blitz"]
[Site "Chess.com"]
[Date "2020.09.08"]
[Round "7"]
[White "LuckSlayeer"]
[Black "LuisFSiles"]
[Result "0-1"]
[WhiteElo "2467"]
[BlackElo "2356"]
[TimeControl "180+1"]
[EndTime "11:18:37 PDT"]
[Termination "LuisFSiles won by resignation"]

1. Nf3 Nf6 2. c4 g6 3. Nc3 Bg7 4. e4 d6 5. d4 O-O 6. Be2 c5 7. O-O Nc6 8. d5 Na5 9. a3 b6 10. b4 Nb7 11. Rb1 e5 12. dxe6 Bxe6 13. Bf4 Nh5 14.
Bd2 cxb4 15. axb4 Rc8 16. Nd5 Bxd5 17. cxd5 a5 18. Ba6 Rb8 19. Bxb7 Rxb7 20. bxa5 b5 21. Qe2 Qd7 22. Rfc1 Ra8 23. Rc6 b4 24. a6 Rc7 25.
Qb5 Rca7 26. Bxb4 Bf8 27. Bc3 Rxa6 28. Qxa6 Rxa6 29. Rxa6 Nf4 30. Bd2 Nxg2 31. Kxg2 Qg4+ 32. Kf1 Qxf3 33. Kg1 Qd3 34. Rbb6 Qxd2 35. Kg2 Qg5+ 36. Kf1 h5 37. f3 Qe3 38. Rb8 Qxf3+ 0-1